 Dungeon Crawl Stone Soup version 0.29-a0-418-gc0181ea820 (webtiles) character file.

Game seed: 6136941243808761823

77 spiderkeys the Skirmisher (level 4, -1/49 HPs)
             Began as an Ogre Abyssal Knight on May 18, 2022.
             Was a Priest of Lugonu.
             Slain by Ijyb
             ... wielding a +0 club
              (6 damage)
             ... on level 2 of the Dungeon.
             The game lasted 00:05:04 (2045 turns).

spiderkeys the Skirmisher (Ogre Abyssal Knight)     Turns: 2045, Time: 00:05:04

Health: -1/49      AC:  3    Str: 17    XL:     4   Next: 34%
Magic:  6/6        EV: 10    Int: 13    God:    Lugonu [***...]
Gold:   90         SH:  0    Dex:  9    Spells: 3/3 levels left

rFire   . . .      SeeInvis .   j - +0 lajatang
rCold   . . .      Faith    .   (shield currently unavailable)
rNeg    . . .      Spirit   .   b - +0 robe
rPois   .          Reflect  .   (helmet restricted)
rElec   .          Harm     .   (no cloak)
rCorr   .          Rampage  .   (gloves unavailable)
Will    .....                   (boots unavailable)
Stlth   +.........              c - amulet of magic regeneration
HPRegen 0.16/turn               (no ring)
MPRegen 0.50/turn               (no ring)

@: no status effects
A: large, unfitting armour, tough skin 1
a: Renounce Religion, Depart the Abyss, Bend Space, Banish


You were on level 2 of the Dungeon.
You worshipped Lugonu.
Lugonu was most pleased with you.
You visited 1 branch of the dungeon, and saw 2 of its levels.
You visited the Abyss 1 time.

You collected 112 gold pieces.
You spent 22 gold pieces at shops.


Innate Abilities, Weirdness & Mutations

You are too large for most types of armour.
You have tough skin. (AC +1)


   Skills:
 + Level 4.8 Fighting
 - Level 2.4(2.5) Polearms
 + Level 0.9(1.7) Staves
 + Level 2.8 Dodging
 + Level 2.9 Invocations


You had 3 spell levels left.
You didn't know any spells.
Your spell library was empty.

Inventory:

Hand Weapons
 a - a +1 spear
 j - a +0 lajatang (weapon)
   (You found it on level 1 of the Dungeon)
Missiles
 f - 5 stones
 p - 9 poisoned darts
Armour
 b - a +0 robe (worn)
Jewellery
 c - an amulet of magic regeneration (around neck)
   (You found it on level 1 of the Dungeon)
Scrolls
 d - 2 scrolls of poison {!r}
 e - a scroll of identify {@r1}
 g - a scroll of amnesia
 h - 2 scrolls of teleportation {@r4}
 l - a scroll of magic mapping {!r}
Potions
 m - a potion of berserk rage {unknown}
 n - a potion of curing {unknown}
 o - a potion of mutation {unknown}

Dungeon Overview and Level Annotations

Branches:
Dungeon (2/15)

Altars:

Shops:
D:1 *

Annotations:
D:2 Ijyb, Robin

######## 8.8.8.8... ..
#......# .........##.
#......# ..........[
##......# ...=...g..#
........#### ..........#
...........# ..........#
.#.###...#.# 8.8.8.8...#
##..##.###.#########...#
##.#.........)(@g..(###.
#.......##.####.....w....
##......##[# #.######...
#รท)....##.# #.# .
##<รท....##.# #.#
#...[...##.# #.#
#.......##.# #.#
#.......##.# #.#
###.....##.####..


You could see Ijyb and a dart slug.


Message History

You slice the kobold!!
You kill the kobold!
Lugonu accepts your kill.
f - 5 stones You see here a +0 dagger.
You see here a +0 dagger.
There is a stone staircase leading down, spattered with blood here. ๐Ÿ˜จ HP[+1]
You start resting. ๐Ÿ˜Ž HP[+31]
Your hp is fully restored (49).
You start waiting.
Done waiting.
You climb downwards.
Level annotation: Ijyb, Robin
There is a stone staircase leading up, spattered with blood here.
You climb upwards.
There is a stone staircase leading down, spattered with blood here.
You climb downwards.
Level annotation: Ijyb, Robin The goblin shoots a sling bullet.
The sling bullet misses you.
The goblin shoots a sling bullet.
The sling bullet barely misses you.
There is a stone staircase leading up, spattered with blood here.
The goblin shoots a sling bullet.
The sling bullet hits you. ๐Ÿ˜• HP[-4]
You take 4 damage, and now have 45/49 hp.
The goblin shoots a sling bullet.
The sling bullet hits you. ๐Ÿ˜• HP[-2]
You take 2 damage, and now have 43/49 hp.
The goblin shoots a sling bullet.
The sling bullet barely misses you.
The goblin unwields a +0 hunting sling.
The goblin wields a +0 dagger.
The goblin hits you with a +0 dagger. ๐Ÿ˜• HP[-1]
You take 1 damage, and now have 42/49 hp.
You barely miss the goblin. The goblin closely misses you.
You barely miss the goblin.
The goblin hits you with a +0 dagger. ๐Ÿ˜• HP[-2]
You take 2 damage, and now have 40/49 hp.
You slash the goblin!
You kill the goblin!
Lugonu accepts your kill.
Things that are here:
a +0 dagger; a +0 hunting sling; a goblin corpse ๐Ÿ˜• HP[+1]
An endoplasm comes into view.
p - 11 poisoned darts (gained 6)
The endoplasm hits you but does no damage. ๐Ÿ˜• HP[+1]
The endoplasm closely misses you.
Found an escape hatch in the ceiling.
The endoplasm barely misses you.
You slash the endoplasm!
You kill the endoplasm!
Lugonu accepts your kill.
You start resting. ๐Ÿ˜Ž HP[+7]
Your hp is fully restored (49).
Found a stone staircase leading down.
The goblin shouts!
You aren't carrying any items that you can evoke.
Throw: 11 darts (poison)
Press: ? - help, Shift-Dir - straight line You throw a poisoned dart.
The poisoned dart hits the goblin.
The goblin is poisoned.
Ijyb screams, "Get away!"
Throw: 10 darts (poison)
Press: ? - help, Shift-Dir - straight line, f - Ijyb
Aim: Ijyb, wielding a +0 club, wearing a +0 ring mail and carrying a wand of iceblast (6) (52% to hit)
You throw a poisoned dart. The poisoned dart misses the goblin.
The poisoned dart closely misses Ijyb.
The goblin hits you with a +0 dagger.
Ijyb zaps a wand.
The mass of ice explodes!
The iceblast engulfs the goblin!!
The goblin dies!
The iceblast engulfs you! ๐Ÿ˜ฎ HP[-14]
You take 14 damage, and now have 35/49 hp.
MASSIVE DAMAGE!! (PAUSE) Ijyb zaps a wand.
The mass of ice explodes!
The iceblast engulfs you!
Things that are here:
a +0 dagger; a goblin corpse; ๐Ÿ˜ฎ HP[-9]
You take 9 damage, and now have 26/49 hp.
Ijyb zaps a wand.
The mass of ice explodes!
The iceblast engulfs you!
* * * LOW HITPOINT WARNING * * *
You see here a poisoned dart. ๐Ÿ˜ฑ HP[-15]
You take 15 damage, and now have 11/49 hp.
MASSIVE DAMAGE!! (PAUSE)
Okay, then.
Ijyb hits you with a +0 club.
* * * LOW HITPOINT WARNING * * *
A dart slug comes into view. ๐Ÿ˜ฑ HP[-4]
You take 4 damage, and now have 7/49 hp.
You hit Ijyb. Ijyb barely misses you.
You closely miss Ijyb. Ijyb hits you with a +0 club.
* * * LOW HITPOINT WARNING * * *
Ijyb hits you with a +0 club.
You die...

Action                   |  1- 3 |  4- 6 || total
-------------------------+-------+-------++-------
Melee: Spear             |    69 |       ||    69
       Lajatang          |    71 |    59 ||   130
Throw: Dart              |       |     2 ||     2
  Use: Scroll            |     4 |     2 ||     6
       Potion            |       |     3 ||     3
Armor: Robe              |    43 |    38 ||    81
Dodge: Dodged            |    78 |    45 ||   123

Levels and vault maps discovered:
D:1:      dpeg_arrival_caged_fury, layout_rooms, serial_shops,
          nicolae_shop_waterfront, minmay_small_reverse_x
D:2:      kennysheep_the_goblin_king, layout_basic, nicolae_ecumenical_pavilion,
          uniq_robin

Notes
Turn   | Place    | Note
-------+----------+-------------------------------------------
     0 | Abyss:1  | spiderkeys the Ogre Abyssal Knight began the quest for the
                  | Orb.
     0 | Abyss:1  | Reached XP level 1. HP: 24/24 MP: 2/2
     0 | Abyss:1  | magus.rc [v1.11.3]
   136 | Abyss:1  | Noticed a large abomination
   164 | Abyss:1  | Found a corrupted altar of Lugonu.
   183 | D:1      | You pass through the gate.
   183 | D:1      | Escaped the Abyss
   186 | D:1      | Found a runed translucent door.
   264 | D:1      | Reached XP level 2. HP: 24/32 MP: 3/3
   564 | D:1      | Reached XP level 3. HP: 33/40 MP: 4/4
   774 | D:1      | Found Dyzutadd's Assorted Antiques.
   817 | D:1      | Bought a scroll labelled GANTIU SOTEDI for 22 gold pieces
   847 | D:1      | Reached *** piety under Lugonu
  1190 | D:2      | Found a faded altar of an unknown god.
  1268 | D:2      | Reached XP level 4. HP: 49/49 MP: 6/6
  1363 | D:2      | Noticed Robin
  1379 | D:2      | HP: 10/49 [goblin/+0 club[Robin] (4)]
  1605 | D:2      | Noticed Ijyb
  2042 | D:2      | HP: 11/49 [Ijyb/iceblast (15)]
  2045 | D:2      | HP: 5/49 [Ijyb/+0 club (2)]
  2045 | D:2      | Slain by Ijyb

Vanquished Creatures
  2 dart slugs (D:1)
  3 bats
  6 endoplasms
  7 giant cockroaches (D:1)
  2 hobgoblins (D:1)
  8 jackals
  4 ball pythons
  5 frilled lizards
  14 goblins
  3 kobolds (D:1)
  12 rats
66 creatures vanquished.

Vanquished Creatures (others)
  A goblin (D:2)
1 creature vanquished.

Grand Total: 67 creatures vanquished

Table legend:
 A = Non-vault XP
 B = Vault XP
 C = Vault XP percentage of total XP
 D = Non-vault monster count
 E = Vault monster count
 F = Vault count percentage of total count
                 A         B        C        D         E       F
            +---------+---------+-------+---------+---------+-------
      Total |      66 |      45 |  40.5 |      40 |      26 |  39.4
            +---------+---------+-------+---------+---------+-------
        D:1 |      47 |      33 |  41.2 |      27 |      20 |  42.6
        D:2 |      19 |      12 |  38.7 |      13 |       6 |  31.6
            +---------+---------+-------+---------+---------+-------

Illustrated notes

Table legend:
 A = Kills in this place as a percentage of kills in entire the game.
 B = Kills by you in this place as a percentage of kills by you in the entire game.
 C = Kills by friends in this place as a percentage of kills by friends in the entire game.
 D = Other kills in this place as a percentage of other kills in the entire game.
 E = Experience gained in this place as a percentage of experience gained in the entire game.
 F = Experience gained in this place divided by the number of levels of this place that you have seen.
                   A       B       C       D       E      F
               +-------+-------+-------+-------+-------+----------------------
         Total | 100.0 | 100.0 |   N/A |   N/A | 100.0 |  37.0
       Dungeon | 100.0 | 100.0 |   N/A |   N/A | 100.0 |  55.5
               +-------+-------+-------+-------+-------+----------------------

Table legend: (Time is in decaauts)
 A = Elapsed time spent in this place.
 B = Non-inter-level travel time spent in this place.
 C = Inter-level travel time spent in this place.
 D = Time resting spent in this place.
 E = Time spent auto-exploring this place.
 F = Levels seen in this place.
 G = Mean time per level.
                   A        B        C        D        E       F      G
               +--------+--------+--------+--------+--------+-----+--------+
         Total |   2088 |   2082 |      6 |    869 |    678 |   3 |  696.0 |
       Dungeon |   1905 |   1899 |      6 |    869 |    543 |   2 |  952.5 |
         Abyss |    183 |    183 |      0 |      0 |    135 |   1 |  183.0 |
               +--------+--------+--------+--------+--------+-----+--------+

Top non-repeatable levels by time:
     D:1: 1441 daAuts
     D:2: 463 daAuts
 Abyss:1: 183 daAuts
